 Dungeon Crawl Stone Soup version 0.30-a0-57-g8b159a9891 (webtiles) character file.

Game seed: 820559099620217121

41 Conn the Firebug (level 3, 0/31 HPs)
             Began as an Octopode Fire Elementalist on Sept 11, 2022.
             Slain by a goblin
             ... wielding a +0 dagger
             ... led by Robin
              (1 damage)
             ... on level 2 of the Dungeon.
             The game lasted 00:02:36 (1143 turns).

Conn the Firebug (Octopode Fire Elementalist)       Turns: 1143, Time: 00:02:37

Health: 0/31       AC: 21    Str:  7    XL:     3   Next: 52%
Magic:  5/6        EV:  2    Int: 19    God:
Gold:   70         SH:  0    Dex: 12    Spells: 5/6 levels left

rFire   . . .      SeeInvis .    c - +0 dagger
rCold   . . .      Faith    .    (no shield)
rNeg    . . .      Spirit   .    (helmet currently unavailable)
rPois   +          Reflect  .    (no amulet)
rElec   .          Harm     .    (no ring)
rCorr   .          Rampage  .    (no ring)
Will    .....      NoTele   +    (no ring)
Stlth   ++........               (no ring)
HPRegen 0.10/turn                (no ring)
MPRegen 0.10/turn                (no ring)
                                 (no ring)
                                 (no ring)

@: tree-form (expiring), attractive
A: stationary, stasis, torment immunity, boosted hp, almost no armour,
(amphibious), 8 rings, (camouflage 1), (gelatinous body 1), (nimble swimmer 1),
(tentacles)
a: no special abilities


You were on level 2 of the Dungeon.
You were a tree.
You visited 1 branch of the dungeon, and saw 2 of its levels.

You collected 70 gold pieces.

Inventory:

Hand Weapons
 c - a +0 dagger (weapon)
Scrolls
 g - a scroll of identify
 h - a scroll of enchant weapon
Potions
 a - 2 potions of magic


   Skills:
 + Level 0.3 Short Blades
 + Level 2.2 Dodging
 + Level 3.0 Stealth
 + Level 2.1 Spellcasting
 + Level 1.0 Conjurations
 + Level 4.0 Fire Magic


You had 5 spell levels left.
You knew the following spells:

 Your Spells              Type           Power      Damage    Failure   Level
a - Foxfire               Conj/Fire      44%        2x1d6     6%          1

Your spell library contained the following spells:

 Spells                   Type           Power      Damage    Failure   Level
 Scorch                   Fire           34%        2d7       4%          2
 Freeze                   Ice            8%         1d3       17%         1
 Conjure Flame            Conj/Fire      11%        6-21      19%         3
 Inner Flame              Hex/Fire       9%         N/A       22%         3
 Frozen Ramparts          Ice            4%         1d1       45%         3
 Flame Wave               Conj/Fire      11%        2d6       52%         4
 Hailstorm                Conj/Ice       3%         3d3       80%         4


Dungeon Overview and Level Annotations

Branches:
Dungeon (2/15)

Altars:

Annotations:
D:2 Robin


Innate Abilities, Weirdness & Mutations

You are a tree.
Your roots penetrate the ground, keeping you stationary.
You cannot be teleported.
You are immune to unholy pain and torment.
Your maximum health is greatly increased.
You cannot wear most types of armour.
((You are amphibious.))
You can wear up to eight rings at the same time.
((Your skin changes colour to match your surroundings (Stealth+).))
((Your rubbery body absorbs attacks. (AC +1, EV +1)))
((You are camouflaged when in or above water. (Stealth+)))
((You have tentacles for arms and can constrict up to eight enemies at once.))


Message History

You hit the goblin.
The goblin is heavily wounded.
The dart slug bites you but does no damage.
The goblin hits you but does no damage. x2; Robin throws the goblin at you!
You hit the goblin.
The goblin is heavily wounded.
The goblin hits you but does no damage. x3
You hit the goblin.
The goblin is severely wounded.
The dart slug bites you but does no damage.
The goblin hits you but does no damage. The goblin hits you with a +0 dagger.
* * * LOW HITPOINT WARNING * * *
The goblin hits you but does no damage.
You hit the goblin.
You kill the goblin!
The dart slug launches a dart at you.
The slug dart hits you but does no damage.
The goblin hits you but does no damage.
Robin roars a battlecry!
The goblins go into a battle-frenzy!
The goblin hits you but does no damage.
You hit the goblin but do no damage. The goblin hits you but does no damage.
Robin hits you but does no damage. The goblin hits you but does no damage.
Unknown command.
You hit the goblin.
The goblin is moderately wounded.
Your transformation is almost over.
The goblin no longer looks unusually strong.
The dart slug launches a dart at you.
The slug dart hits you but does no damage.
The goblin barely misses you.
Robin hits you from afar with a +0 spear.
* * * LOW HITPOINT WARNING * * *
The goblin hits you but does no damage.
You hit the goblin.
You kill the goblin!
The goblin no longer looks unusually strong.
The dart slug bites you but does no damage.
The goblin hits you with a +0 dagger.
You die...

*,,,***,#.#.*
*,,,*#*,#.#.##*********
*,,,*..,#.....,,,,,,,,*
*,,,,...#....###*************
**,,,.....)....#,,,**,,*+,,,*
*,,*.......l.##,*,*,**,*,8,*
**,,,..l...ggg.+,*,*,****,,,*
**,,,,.#.##.#w###**+**,*******
*,,,,,,,**#.#♣###*,,,**+,*,,,*
**<,,,,** #.gg).#,,*,***,*,*+*
**,,,** ###'###,**,,,*,,,*,*
**,** ##...##,,,,*+*****,*
**,* ##.....##****,,,,,,,*
**,,* ##.......## #######***
*****,,,***#.........###.....#
,,,,,,,,,,,+.........'.......#
*****,,,***#.........####....#


You could see Robin, a dart slug, 4 goblins and a frilled lizard.

Vanquished Creatures
  2 dart slugs (D:1)
  4 endoplasms
  3 giant cockroaches (D:1)
  9 goblins
  A hobgoblin (D:1)
  A kobold (D:1)
  A quokka (D:1)
  5 ball pythons
  3 bats
  3 frilled lizards (D:1)
  A rat (D:1)
33 creatures vanquished.

Vanquished Creatures (others)
  67 foxfires
67 creatures vanquished.

Grand Total: 100 creatures vanquished

Notes
Turn   | Place    | Note
-------+----------+-------------------------------------------
     0 | D:1      | Conn the Octopode Fire Elementalist began the quest for the
                  | Orb.
     0 | D:1      | Reached XP level 1. HP: 11/11 MP: 3/3
   175 | D:1      | Reached XP level 2. HP: 17/17 MP: 0/5
   493 | D:1      | Reached XP level 3. HP: 20/21 MP: 1/6
  1053 | D:2      | Reached skill level 4 in Fire Magic
  1120 | D:2      | Identified the +2 helmet "Geestota" {Str+8}
  1120 | D:2      | Noticed Robin
  1142 | D:2      | HP: 1/31 [Robin/+0 spear (4)]
  1143 | D:2      | Slain by a goblin

Illustrated notes

Levels and vault maps discovered:
D:1:      psy_arrival_whirlpool, layout_rooms
D:2:      minmay_chambers_of_ones, layout_loops_corners,
          hellmonk_ecumenical_altar_crossroads, uniq_robin

Skill      XL: |  1  2  3 |
---------------+----------+-----
Stealth        | 3 |  3.0
Fire Magic     | 4 |  4.0
Short Blades   | |  0.3
Dodging        | |  2.2
Spellcasting   | |  2.1
Conjurations   | |  1.0

Action                   || total
-------------------------++-------
Melee: Dagger            ||    35
       Constrict         ||     7
       Tentacles         ||     2
 Cast: Foxfire           ||    37
  Use: Scroll            ||     4
       Potion            ||     2
 Stab: Sleeping          ||     2
Armor: Skin              ||    45
Dodge: Dodged            ||    23

Table legend: (Time is in decaauts)
 A = Elapsed time spent in this place.
 B = Non-inter-level travel time spent in this place.
 C = Inter-level travel time spent in this place.
 D = Time resting spent in this place.
 E = Time spent auto-exploring this place.
 F = Levels seen in this place.
 G = Mean time per level.
                   A        B        C        D        E       F      G
               +--------+--------+--------+--------+--------+-----+--------+
         Total |   1142 |   1135 |      7 |      0 |    868 |   2 |  571.0 |
       Dungeon |   1142 |   1135 |      7 |      0 |    868 |   2 |  571.0 |
               +--------+--------+--------+--------+--------+-----+--------+

Top non-repeatable levels by time:
     D:1: 703 daAuts
     D:2: 438 daAuts
